 Dungeon Sprint DCSS version 0.31-a0-196-g86fe4a5e66 (webtiles) character file.

Game seed: 14989006562670108444

1785 dialectric the Fighter (level 9, 0/63 HPs)
             Began as a Gargoyle Fighter on June 24, 2023.
             Was a Believer of Trog.
             Slain by a boulder beetle (4 damage)
             ... in the Dungeon (Sprint II: "The Violet Keep of Menkaure").
             The game lasted 00:04:12 (696 turns).

dialectric the Fighter (Gargoyle Fighter)            Turns: 696, Time: 00:04:12

Health: 0/63       AC: 24    Str: 22    XL:     9   Next: 8%
Magic:  9/9        EV: 10    Int:  9    God:    Trog [**....]
Gold:   6          SH:  6    Dex: 11    Spells: 8/8 levels left

rFire   + . .        d - +2 scimitar (heavy)
rCold   x . .        c - +0 buckler
rNeg    + . .        e - +2 chain mail of Resonance {rElec rPois}
rPois   ∞            f - +1 helmet {SInv}
rElec   +            i - +0 cloak {Stlth+}
rCorr   .            (no gloves)
SInv    +            (no boots)
Will    .....        (no amulet) Stlth
                     (no ring)
HPRegen 0.30/turn    (no ring)
MPRegen 0.11/turn

%: no teleportation, clarity
@: on berserk cooldown, slowed, very slow
A: sickness immunity, AC +6, negative energy resistance 1, electricity
resistance, torment resistance 1, petrification resistance, clarity, fire
resistance 1, cold vulnerability 1
a: Renounce Religion, Berserk, Trog's Hand


You were in the Dungeon.
You worshipped Trog.
Trog was pleased with you.
You visited 1 branch You collected 810 gold pieces.
You spent 804 gold pieces at shops.

Inventory:

Hand Weapons
 a - a +0 long sword
 d - a +2 heavy scimitar (weapon)
Armour
 b - a +0 scale mail
 c - a +0 buckler (worn)
 e - the +2 chain mail of Resonance (worn) {rElec rPois}
   (You bought it in a shop in the Dungeon)

   rElec:     It insulates you from electricity.
   rPois:     It protects you from poison.
 f - a +1 helmet of see invisible (worn)
 i - a +0 cloak of stealth (worn)
Potions
 g - a potion of haste
 h - 2 potions of magic


   Skills:
 + Level 10.6 Fighting
 * Level 9.2 Long Blades
 + Level 10.4 Armour
 - Level 6.3 Dodging
 + Level 10.2 Shields


You had 8 spell levels left.
You didn't know any spells.
Your spell library was empty.

Dungeon Overview and Level Annotations

Branches:
Dungeon (1/1)

Altars:
Cheibriados
Dithmenos
Elyvilon
Fedhas
Gozag
Hepliaklqana
Kikubaaqudgha
Makhleb
Nemelex Xobeh
Okawaru
Qazlal
Ru
Sif Muna
Trog
Uskayaw
Vehumet
Wu Jian
Xom
Yredelemnul
Zin
The Shining One
Jiyva
Lugonu

Shops:
D !:[*[([:[=![!=?

Annotations:
D exclusion: oklob plant


Innate Abilities, Weirdness & Mutations

You are immune to sickness and miasma.
Your stone body is resilient. (AC +6)
You are immune to poison.
You resist negative energy. (rN+)
You are resistant to electric shocks. (rElec)
You are resistant to unholy torment.
You are immune to petrification.
You possess an exceptional clarity of mind.
Your flesh is heat resistant. (rF+)
You are vulnerable to cold. (rC-)


Message History

Unknown command.
You hit the boulder beetle but do no damage.
The boulder beetle curls into a ball and begins rolling!
The boulder beetle bites you but does no damage.
You block the boulder beetle's attack.
You hit the boulder beetle but do no damage.
The boulder beetle bites you!
The boulder beetle stops rolling and uncurls.
The boulder beetle bites you but does no damage.
You hit the boulder beetle.
The boulder beetle is lightly wounded.
You block the boulder beetle's attack. The boulder beetle bites you.
* * * LOW HITPOINT WARNING * * *
You hit the boulder beetle but do no damage.
The boulder beetle is lightly wounded.
The boulder beetle bites you!
* * * LOW HITPOINT WARNING * * *
The boulder beetle waves its antennae.
You block the boulder beetle's attack.
The boulder beetle bites you but does no damage.
It was a potion of mutation.
You feel extremely strange.
Your thoughts seem clearer.
You feel vulnerable to cold.
You feel resistant to heat.
The boulder beetle bites you but does no damage.
Unknown command.
You aren't carrying any scrolls.
Unknown command.
You hit the boulder beetle but do no damage.
The boulder beetle is lightly wounded.
The boulder beetle bites you but does no damage.
The boulder beetle leaps!
You block the boulder beetle's attack.
You slice the boulder beetle!!
The boulder beetle is moderately wounded.
You block the boulder beetle's attack.
The boulder beetle bites you but does no damage.
You slice the boulder beetle!!
The boulder beetle is heavily wounded.
The boulder beetle bites you but does no damage.
The boulder beetle bites you.
You die...

# ~## ##########~~#+++
#########~~~...
∩.∩.....#~~~~.##+##..
...∩....#~~~~##.#.##.#### .###
..∩.∩...#~~~~#..#..# ...# ...#
...∩.∩..#~~####.#$####..## #..#
....∩.⌠.#~##.###@###.##..# +..#
...∩.∩..#~#.#.##B##...#..# #..#
..∩.∩...'~'###'.B.')#.†).### ..##
.∩.∩....#~#.#.##.##...#....###...
▓▓▓▓▓▓###~##.###'###.##......~~~~
!ZJ######~~####.#.####~~§....~#'#
?.Z#h. ##~~~#..#..#~~~~~~§..§#_.
∩P$+.$# #'#~##...##~§§~~~§§.~#._
[$.#[##≈##.#~~##+##~§~≈§§§~~§§#_.


You could see 2 boulder beetles.

Vanquished Creatures
  A merfolk siren (D)
  A yaktaur (D)
  A hornet (D)
  2 polar bears (D)
  2 wyverns (D)
  Menkaure (D)
  A water moccasin (D)
  A scorpion (D)
  4 necrophages (D)
14 creatures vanquished.

Vanquished Creatures (others)
  A water moccasin (D)
1 creature vanquished.

Grand Total: 15 creatures vanquished

Notes
Turn   | Place    | Note
-------+----------+-------------------------------------------
     0 | D        | dialectric the Gargoyle Fighter began the quest for the
                  | Orb.
     0 | D        | Reached XP level 1. HP: 14/14 MP: 1/1
     1 | D        | Noticed a wyvern
     1 | D        | Noticed a wyvern
     6 | D        | Killed a wyvern
     7 | D        | Reached XP level 2. HP: 23/23 MP: 2/2
     7 | D        | Reached XP level 3. HP: 28/28 MP: 3/3
     7 | D        | Reached XP level 4. HP: 32/32 MP: 4/4
     7 | D        | Reached XP level 5. HP: 37/37 MP: 5/5
    14 | D        | Killed a wyvern
    15 | D        | Reached XP level 6. HP: 24/44 MP: 6/6
    26 | D        | Noticed a merfolk siren
    48 | D        | Noticed Menkaure
    51 | D        | Killed a merfolk siren
    52 | D        | Reached skill level 5 in Long Blades
    52 | D        | Reached XP level 7. HP: 25/51 MP: 7/7
    52 | D        | Killed Menkaure
    58 | D        | Noticed a boulder beetle
    58 | D        | Noticed a boulder beetle
   103 | D        | Reached skill level 5 in Dodging
   103 | D        | Reached XP level 8. HP: 40/57 MP: 8/8
   110 | D        | Found an iron altar of Okawaru.
   110 | D        | Found a radiant altar of Vehumet.
   110 | D        | Found a glowing silver altar of Zin.
   111 | D        | Found a sparkling altar of Nemelex Xobeh.
   111 | D        | Found a hide-covered altar of Uskayaw.
   112 | D        | Found an opulent altar of Gozag.
   112 | D        | Found a burning altar of Makhleb.
   112 | D        | Found a bloodstained altar of Trog.
   113 | D        | Found a blossoming altar of Fedhas.
   113 | D        | Found a corrupted altar of Lugonu.
   113 | D        | Found a basalt altar of Yredelemnul.
   113 | D        | Found a shimmering blue altar of Sif Muna.
   114 | D        | Found a white marble altar of Elyvilon.
   114 | D        | Found an ancient bone altar of Kikubaaqudgha.
   115 | D        | Found a shadowy altar of Dithmenos.
   115 | D        | Found a viscous altar of Jiyva.
   116 | D        | Found a snail-covered altar of Cheibriados.
   118 | D        | Found a shimmering altar of Xom.
   118 | D        | Found a sacrificial altar of Ru.
   118 | D        | Found a hazy altar of Hepliaklqana.
   119 | D        | Found a glowing golden altar of the Shining One.
   119 | D        | Found an ornate altar of the Wu Jian Council.
   119 | D        | Found a stormy altar of Qazlal.
   126 | D        | Became a worshipper of Trog the Wrathful
   145 | D        | Noticed a hornet
   145 | D        | Noticed a polar bear
   145 | D        | Noticed a polar bear
   145 | D        | Noticed a polar bear
   161 | D        | Reached skill level 10 in Fighting
   164 | D        | Found Mizy's Magic Scroll Shop.
   164 | D        | Found Qoasehur's Jewellery Shop.
   164 | D        | Found Zoeca's Antique Armour Boutique.
   164 | D        | Found Piniag's Antique Armour Boutique.
   164 | D        | Found Umausm's Jewellery Boutique.
   164 | D        | Found Ixecifubb's Book Shop.
   164 | D        | Found Casiqest's Distillery.
   164 | D        | Found Bisulu's Antique Armour Boutique.
   165 | D        | Found Seomao's Distillery.
   165 | D        | Found Icimyevo's Antique Weapon Boutique.
   165 | D        | Found Jiloifes's Antique Armour Boutique.
   165 | D        | Found Imyideb's Assorted Antiques.
   165 | D        | Noticed a slime creature
   167 | D        | Found Zeosmineri's Antique Armour Boutique.
   167 | D        | Noticed a slime creature
   167 | D        | Noticed a slime creature
   167 | D        | Noticed an oklob plant
   168 | D        | Found Cufauc's Distillery.
   168 | D        | Found Juokiwk's Book Shoppe.
   210 | D        | Noticed a polar bear
   210 | D        | Noticed a polar bear
   216 | D        | Bought a potion of might for 48 gold pieces
   218 | D        | Bought a bloodstained chain mail for 228 gold pieces
   218 | D        | Identified the +2 chain mail of Resonance {rElec rPois}
                  | (You bought it in a shop in the Dungeon)
   234 | D        | Bought a glowing cloak for 127 gold pieces
   329 | D        | Bought a potion of heal wounds for 50 gold pieces
   329 | D        | Bought a potion of curing for 30 gold pieces
   389 | D        | Noticed a yaktaur
   404 | D        | Killed a hornet
   404 | D        | Reached * piety under Trog
   405 | D        | Reached skill level 10 in Armour
   410 | D        | Killed a yaktaur
   433 | D        | Killed a polar bear
   434 | D        | Reached skill level 10 in Shields
   468 | D        | Killed a polar bear
   468 | D        | Reached ** piety under Trog
   469 | D        | Reached XP level 9. HP: 12/63 MP: 9/9
   488 | D        | Bought a glowing scimitar for 119 gold pieces
   640 | D        | Bought a shiny helmet for 202 gold pieces
   692 | D        | HP: 2/63 [boulder beetle (14)]
   693 | D        | Gained mutation: You possess an exceptional clarity of
                  | mind. [potion of mutation]
   693 | D        | Gained mutation: You are vulnerable to cold. (rC-) [potion
                  | of mutation]
   693 | D        | Gained mutation: Your flesh is heat resistant. (rF+)
                  | [potion of mutation]
   696 | D        | Slain by a boulder beetle

Illustrated notes

Levels and vault maps discovered:
D:        the_violet_keep_of_menkaure [sprint2_stairs_cluster_1,
          sprint2_shoproom, sprint2_temple, sprint2_basic_supplies,
          sprint2_obstacle_7, sprint2_obstacle_2, sprint2_obstacle_1,
          sprint2_obstacle_3, sprint2_obstacle_5, sprint2_timed_cluster_1,
          sprint2_smallroom_cluster_1, sprint2_smallroom_final_cluster_1,
          sprint2_transparent_cluster_1, sprint2_second_timed_cluster_1,
          sprint2_sniper_area_1, sprint2_heavy_combat_area_1,
          sprint2_mutation_trap_area_1, sprint2_forest_area_1,
          sprint2_light_combat_area_1, sprint2_behind_water_1,
          sprint2_near_end_vault_1]

Skill      XL: |  1  2  3  4  5  6  7  8 |
---------------+-------------------------+-----
Fighting       | 6 8 9 10 | 10.6
Long Blades    | 3 4 5 6 9 |  9.2
Armour         | 6 7 9 10 | 10.4
Shields        | 6 7 9 10 | 10.2
Dodging        | 2 4 5 6 |  6.3

Action                     |  1- 3 |  4- 6 |  7- 9 || total
---------------------------+-------+-------+-------++-------
  Melee: Long sword        |     4 |    28 |   139 ||   171
         Scimitar          |       |       |    20 ||    20
 Invoke: Berserk           |       |       |     1 ||     1
    Use: Potion            |     1 |     2 |     5 ||     8
         Scroll            |       |       |     1 ||     1
 Armour: Scale mail        |     1 |     3 |    40 ||    44
         Chain mail        |       |       |    80 ||    80
  Dodge: Dodged            |     3 |     1 |    81 ||    85
  Block: Buckler           |       |     3 |    55 ||    58

Table legend: (Time is in decaauts)
 A = Elapsed time spent in this place.
 B = Non-inter-level travel time spent in this place.
 C = Inter-level travel time spent in this place.
 D = Time resting spent in this place.
 E = Time spent auto-exploring this place.
 F = Levels seen in this place.
 G = Mean time per level.
                   A        B        C        D        E       F      G
               +--------+--------+--------+--------+--------+-----+--------+
         Total |    740 |    740 |      0 |      0 |    211 |   1 |  740.0 |
       Dungeon |    740 |    740 |      0 |      0 |    211 |   1 |  740.0 |
               +--------+--------+--------+--------+--------+-----+--------+

Top non-repeatable levels by time:
       D: 740 daAuts
